 Dungeon Crawl Stone Soup version 0.30-a0-900-g23479c02f2 (webtiles) character file.

Game seed: 17185594810932368038

269 cforsyth the Trooper (level 6, -3/66 HPs)
             Began as an Ogre Gladiator on Mar 19, 2023.
             Slain by an iguana (13 damage)
             ... on level 4 of the Dungeon.
             The game lasted 00:06:26 (3662 turns).

cforsyth the Trooper (Ogre Gladiator)               Turns: 3662, Time: 00:06:26

Health: -3/66      AC:  3    Str: 21    XL:     6   Next: 22%
Magic:  6/6        EV: 11    Int:  9    God:
Gold:   201        SH:  0    Dex: 16    Spells: 5/5 levels left

rFire   . . .      SeeInvis .    a - +0 war axe
rCold   . . .      Faith    .    (no shield)
rNeg    . . .      Spirit   .    b - +0 robe
rPois   .          Reflect  .    c - +0 hat
rElec   .          Rampage  .    (no cloak)
rCorr   .                        (gloves unavailable)
Will    .....                    (boots unavailable)
Stlth   +                        (no amulet)
HPRegen 0.31/turn                f - +6 ring of dexterity
MPRegen 0.10/turn                (no ring)

@: no status effects
A: large, unfitting armour, tough skin 1
a: no special abilities


You were on level 4 of the Dungeon.
You visited 1 branch of the dungeon, and saw 4 of its levels.

You collected 201 gold pieces.

Inventory:

Hand Weapons
 a - a +0 war axe (weapon)
Missiles
 m - a throwing net (quivered)
 n - a large rock
Armour
 b - a +0 robe (worn)
 c - a +0 hat (worn)
Jewellery
 f - a +6 ring of dexterity (left hand)
Wands
 o - a wand of flame (4)
Potions
 d - a potion of lignification
 h - 2 potions of curing
 k - a potion of brilliance
 l - a potion of berserk rage


   Skills:
 + Level 5.2 Fighting
 + Level 4.5 Axes
 - Level 2.4 Throwing
 + Level 4.0 Dodging


You had 5 spell levels left.
You didn't know any spells.
Your spell library was empty.

Dungeon Overview and Level Annotations

Branches:
Dungeon (4/15)
 Temple: D:4-7

Altars:

Annotations:
D:2 Sigmund


Innate Abilities, Weirdness & Mutations

You are too large for most types of armour.
You have tough skin. (AC +1)


Message History

The phantom hits you but does no damage.
Aiming: Throw Flame
Press: ? - help, Shift-Dir - straight line, f/p - phantom
Aim: a phantom (almost destroyed, 56% to hit)
The puff of flame hits the phantom.
The phantom is almost destroyed.
The phantom hits you.
Aiming: Throw Flame
Press: ? - help, Shift-Dir - straight line, f/p - phantom
Aim: a phantom (almost destroyed, 56% to hit)
The puff of flame misses the phantom.
The phantom hits you.
* * * LOW HITPOINT WARNING * * *
Aiming: Throw Flame
Press: ? - help, Shift-Dir - straight line, f/p - phantom
Aim: a phantom (almost destroyed, 56% to hit)
The puff of flame misses the phantom.
The phantom barely misses you.
Aiming: Throw Flame
Press: ? - help, Shift-Dir - straight line, f/p - phantom
Aim: a phantom (almost destroyed, 56% to hit)
The puff of flame hits the phantom.
You destroy the phantom!
Your Fighting skill increases to level 5!
Your Dodging skill increases to level 4!
You have reached level 6!
You feel stronger.
Unknown command.
An iguana comes into view.
The iguana hisses angrily.
You hear a shout!
A goblin comes into view. It is wielding a +0 club.
Found 6 stones.
The goblin shouts!
You see here a +0 club.
You hit the iguana.
The iguana is moderately wounded.
The iguana bites you!
* * * LOW HITPOINT WARNING * * *
You slash the iguana!
The iguana is severely wounded.
The iguana bites you!
You die...

##.###.###....#......
...#...................#
...#.........^.........#
...#....................
...#........[...........
...#....................
...#....................
.................l....(.
...#...........)@.g....#
...#..........###..#####
...#..†.......# #....
#####.####.#### ......
#.........# .....
#.......#.# #.###
#.....>.#.# .# #.......#
#. #.......#


You could see an iguana and a goblin.

Vanquished Creatures
  A phantom (D:4)
  An iguana (D:3)
  Jessica (D:2)
  Terence (D:2)
  3 gnolls
  2 adders
  A worm (D:2)
  6 dart slugs
  3 endoplasms (D:1)
  4 giant cockroaches
  4 goblins (D:1)
  3 hobgoblins
  7 jackals (D:1)
  3 kobolds
  A quokka (D:4)
  7 ball pythons
  2 bats (D:1)
  4 frilled lizards
  2 rats (D:3)
56 creatures vanquished.

Vanquished Creatures (others)
  3 fungi (D:4)
3 creatures vanquished.

Grand Total: 59 creatures vanquished

Notes
Turn   | Place    | Note
-------+----------+-------------------------------------------
     0 | D:1      | cforsyth the Ogre Gladiator began the quest for the Orb.
     0 | D:1      | Reached XP level 1. HP: 22/22 MP: 1/1
    78 | D:1      | Reached skill level 3 in Fighting
    78 | D:1      | Reached XP level 2. HP: 22/31 MP: 2/2
   351 | D:1      | Found a faded altar of an unknown god.
   611 | D:1      | Reached XP level 3. HP: 26/37 MP: 3/3
  1308 | D:2      | Noticed Terence
  1320 | D:2      | Noticed Sigmund
  1324 | D:2      | Killed Terence
  1325 | D:2      | Reached XP level 4. HP: 33/48 MP: 4/4
  1492 | D:2      | Reached skill level 4 in Fighting
  2205 | D:2      | Reached XP level 5. HP: 54/54 MP: 5/5
  2450 | D:2      | Noticed Jessica
  2455 | D:2      | Killed Jessica
  3625 | D:4      | Noticed a phantom
  3644 | D:4      | Killed a phantom
  3645 | D:4      | Reached skill level 5 in Fighting
  3645 | D:4      | Reached XP level 6. HP: 17/66 MP: 6/6
  3662 | D:4      | Slain by an iguana

Illustrated notes

Levels and vault maps discovered:
D:1:      dpeg_arrival_erosion, layout_loops_corners,
          hellmonk_ecumenical_altar_run_dry, st_stairs_5
D:2:      layout_basic, serial_bayou_pond_a, uniq_terence, uniq_jessica,
          uniq_sigmund
D:3:      layout_loops_corners
D:4:      layout_rooms, mainiacjoe_overflow_alcove_4,
          chequers_ossuary_entry_cave, serial_shops, nicolae_square_shop,
          serial_aquarium, aquarium_bridge_square [aquarium_subvault_bridge,
          aquarium_subvault_balcony, aquarium_subvault_bridge,
          aquarium_subvault_bridge], aquarium_window_corner, aquarium_window_2,
          aquarium_window_fake, aquarium_view_2f, aquarium_balcony_double_1,
          aquarium_pool_2, nicolae_figureground_pulse, uniq_duvessa

Skill      XL: |  1  2  3  4  5 |
---------------+----------------+-----
Fighting       | 3 4 5 |  5.2
Dodging        | 3 4 |  4.0
Axes           | 4 |  4.5
Throwing       | |  2.4

Action                     |  1- 3 |  4- 6 || total
---------------------------+-------+-------++-------
  Melee: War axe           |    99 |    76 ||   175
         Punch             |     1 |     1 ||     2
  Throw: Throwing net      |     3 |       ||     3
         Large rock        |     1 |       ||     1
  Evoke: Wand              |       |    10 ||    10
    Use: Scroll            |       |     7 ||     7
   Stab: Sleeping          |     4 |     1 ||     5
         Held in net/web   |     1 |       ||     1
         Distracted        |       |     1 ||     1
 Armour: Robe              |    26 |    16 ||    42
  Dodge: Dodged            |    59 |    46 ||   105

Table legend: (Time is in decaauts)
 A = Elapsed time spent in this place.
 B = Non-inter-level travel time spent in this place.
 C = Inter-level travel time spent in this place.
 D = Time resting spent in this place.
 E = Time spent auto-exploring this place.
 F = Levels seen in this place.
 G = Mean time per level.
                   A        B        C        D        E       F      G
               +--------+--------+--------+--------+--------+-----+--------+
         Total |   3722 |   3574 |    148 |    348 |   2532 |   4 |  930.5 |
       Dungeon |   3722 |   3574 |    148 |    348 |   2532 |   4 |  930.5 |
               +--------+--------+--------+--------+--------+-----+--------+

Top non-repeatable levels by time:
     D:1: 1646 daAuts
     D:2: 1080 daAuts
     D:3: 840 daAuts
     D:4: 154 daAuts
